 Dungeon Crawl Stone Soup version 0.24-a0-581-gc0fa6600bf (webtiles) character file.

Game seed: 5561742803767403886

196004 Arang the Brawler (level 18, 0/268 HPs)
             Began as a Troll Venom Mage on Aug 22, 2019.
             Was the Champion of Wu Jian.
             Slain by a naga mage
             ... wielding a +1 spear of piercing
              (2 damage)
             ... on level 4 of the Snake Pit on Aug 23, 2019.
             The game lasted 03:17:02 (41147 turns).

Arang the Brawler (Troll Venom Mage)               Turns: 41147, Time: 03:17:03

Health: 0/268      AC: 24    Str: 27    XL:     18   Next: 14%
Magic:  35/35      EV:  5    Int: 25    God:    Wu Jian [******]
Gold:   2483       SH: 14    Dex: 10    Spells: 18/29 levels left

rFire    . . .     SeeInvis +     - Unarmed
rCold    + . .     Gourm    +   x - +0 shield
rNeg     . . .     Faith    .   d - +1 ice dragon scales
rPois    +         Spirit   .   V - +2 hat {Int+3}
rElec    .         Reflect  +   R - +2 cloak {MR+}
rCorr    .         Harm     .   (gloves unavailable)
MR       ++++.                  (boots unavailable)
Stlth    ..........             W - amulet of Memud {Reflect rPois Int+4 SH+2}
HPRegen  0.94/turn              y - ring "Ways" {*Drain rPois MR+ SInv}
MPRegen  0.24/turn              r - ring "Nuvy" {Fire MR+ MP+9 Int+2}

@: berserking, lethally poisoned (0 -> -13), about to teleport, glowing,
constricted, heavenly storm, very quick
A: large, unfitting armour, claws 3, fast metabolism 3, gourmand, regeneration
1, shaggy fur 1, tough skin 3
a: Wall Jump, Serpent's Lash, Heavenly Storm, Renounce Religion


You were on level 4 of the Snake Pit.
You worshipped Wu Jian.
Wu Jian was exalted by your worship.
You were not hungry.

You visited 4 branches of the dungeon, and saw 27 of its levels.
You also visited: Gauntlet and Ice Cave.

You collected 3007 gold pieces.
You spent 524 gold pieces at shops.

Inventory:

Hand Weapons
 Y - a +2 war axe of flaming
Missiles
 H - 11 large rocks
 J - a javelin (quivered)
Armour
 d - +1 ice dragon scales (worn)
 x - a +0 shield (worn)
 R - a +2 cloak of magic resistance (worn)
 T - a +2 cloak of poison resistance
 V - a +2 hat of intelligence (worn)
Jewellery
 i - an uncursed ring of positive energy
 o - an uncursed ring of positive energy
 r - the ring "Nuvy" (right claw) {Fire MR+ MP+9 Int+2}
   (You found it on level 5 of the Lair of Beasts)

   [ring of fire]

   It enhances your fire magic.
   It affects your intelligence (+2).
   It protects you from fire.
   It makes you vulnerable to cold.
   It affects your resistance to hostile enchantments.
   It affects your magic capacity (+9).
 y - the ring "Ways" (left claw) {*Drain rPois MR+ SInv}
   (You found it in a Gauntlet)

   [ring of see invisible]

   It protects you from poison.
   It affects your resistance to hostile enchantments.
   It lets you see invisible.
   It causes draining when unequipped.
 A - an uncursed amulet of magic regeneration
 M - an uncursed ring of protection from magic
 S - an uncursed ring of stealth {unknown}
 U - an uncursed ring of flight
 W - the amulet of Memud (around neck) {Reflect rPois Int+4 SH+2}
   (You found it in a Gauntlet)

   [amulet of reflection]

   It shields you and reflects attacks.
   It affects your intelligence (+4).
   It protects you from poison.
   It affects your SH (+2).
Wands
 a - a wand of iceblast (18)
 m - a wand of enslavement (13)
 w - a wand of paralysis (11)
 I - a wand of disintegration (12)
 Z - a wand of clouds (5)
Scrolls
 g - 5 scrolls of identify
 l - 5 scrolls of enchant armour
 p - 4 scrolls of fog
 t - 4 scrolls of remove curse
 u - 8 scrolls of teleportation
 z - 3 scrolls of fear
 C - a scroll of enchant weapon
 F - a scroll of brand weapon {unknown}
 K - 3 scrolls of magic mapping
 P - 3 scrolls of blinking
 X - a scroll of amnesia
Potions
 b - 7 potions of curing
 e - 2 potions of haste
 h - 9 potions of brilliance
 k - 6 potions of might
 n - a potion of cancellation
 q - a potion of resistance
 s - 5 potions of flight
 v - 4 potions of lignification
 D - 2 potions of invisibility
 E - 2 potions of agility
 G - a potion of ambrosia
 O - 2 potions of degeneration
 Q - 5 potions of magic
Miscellaneous
 f - a lightning rod (4/4)
 L - a phantom mirror
 N - a lamp of fire
Comestibles
 c - 44 rations


   Skills:
 * Level 11.0 Fighting
 * Level 7.1 Throwing
 - Level 11.4 Armour
 - Level 1.5 Dodging
 - Level 1.0 Stealth
 - Level 10.8 Shields
 + Level 18.4 Unarmed Combat
 - Level 6.1 Spellcasting
 - Level 2.0 Conjurations
 + Level 1.7 Translocations
 - Level 3.0 Air Magic
 - Level 7.6 Poison Magic


You had 18 spell levels left.
You knew the following spells:

 Your Spells              Type           Power        Failure   Level  Hunger
a - Olgreb's Toxic Radia  Pois           #####...     7%          4    ###....
b - Poisonous Vapours     Pois/Air       ####..       2%          2    None
c - Mephitic Cloud        Conj/Pois/Air  ####....     9%          3    None
d - Blink                 Tloc           N/A          12%         2    None

Your spell library contained the following spells:

 Spells                   Type           Power        Failure   Level  Hunger
 Sting                    Conj/Pois      ####         2%          1    None
 Magic Dart               Conj           ###.         7%          1    None
 Apportation              Tloc           ###...       8%          1    None
 Spider Form              Tmut/Pois      ####......   10%         3    None
 Beastly Appendage        Tmut           #.....       16%         1    None
 Confusing Touch          Hex            #.....       16%         1    None
 Corona                   Hex            #......      16%         1    None
 Summon Butterflies       Summ           #.......     16%         1    None
 Gell's Gravitas          Tloc           ###.......   22%         3    None
 Lesser Beckoning         Tloc           ###.......   22%         3    None
 Call Imp                 Summ           #.......     24%         2    None
 Ensorcelled Hibernation  Hex/Ice        #.....       24%         2    None
 Slow                     Hex            #.......     24%         2    None
 Sticks to Snakes         Tmut           #.......     24%         2    None
 Conjure Flame            Conj/Fire      ###.....     30%         3    None
 Dazzling Spray           Conj/Hex       ##....       30%         3    None
 Portal Projectile        Hex/Tloc       ##....       32%         3    None
 Call Canine Familiar     Summ           #.......     43%         3    None
 Confuse                  Hex            #.......     43%         3    None
 Inner Flame              Hex/Fire       ##......     43%         3    None
 Tukima's Dance           Hex            #.......     43%         3    None
 Venom Bolt               Conj/Pois      ####......   52%         5    #####..
 Alistair's Intoxication  Tmut/Pois      ####....     65%         5    #####..
 Cause Fear               Hex            #.........   83%         4    ###....
 Ice Form                 Ice/Tmut       #.......     83%         4    ###....
 Leda's Liquefaction      Hex/Erth       #.........   83%         4    ###....
 Petrify                  Tmut/Erth      #.......     83%         4    ###....
 Summon Ice Beast         Ice/Summ       #.......     83%         4    ###....
 Blade Hands              Tmut           #.........   99%         5    #####..
 Metabolic Englaciation   Hex/Ice        #.........   99%         5    #####..
 Summon Mana Viper        Hex/Summ       #.......     99%         5    #####..
 Yara's Violent Unravell  Hex/Tmut       #.........   99%         5    #####..
 Freezing Cloud           Conj/Ice/Air   ###.......   100%        6    ######.
 Invisibility             Hex            #.......     100%        6    ######.
 Ring of Flames           Chrm/Fire      ##........   100%        7    #######
 Summon Hydra             Summ           #.........   100%        7    #######


Dungeon Overview and Level Annotations

Branches:
Dungeon (15/15)            Temple (0/1) D:6            Lair (6/6) D:8
  Swamp (0/4) Lair:2        Snake (4/4) Lair:2        Slime (0/5) Lair:6
    Orc (2/2) D:11            Elf (0/3) Orc:2        Vaults (0/5) D:14
 Depths (0/5) D:15          IceCv (visited)         Gauntlet (visited)

Altars:
Ashenzari
Dithmenos
Gozag
Kikubaaqudgha
Okawaru
Qazlal
Ru
Trog
Vehumet
Wu Jian
The Shining One
Beogh
Jiyva

Shops:
D:4 *   D:7 !:(%   D:10 %   D:11 ([:   Orc:1 [   Orc:2 (?[:   Snake:1 ==}

Annotations:
D:3 exclusion: downstairs
D:7 exclusion: downstairs
D:10 exclusion: downstairs
D:11 exclusion: 2 downstairs
D:12 exclusion: downstairs
Lair:4 exclusion: downstairs
Lair:5 exclusion: downstairs
Snake:4 Mara
Orc:2 exclusion: upstairs


Innate Abilities, Weirdness & Mutations

You are too large for most types of armour.
You have claws for hands.
Your metabolism is lightning-fast.
You like to eat raw meat.
Your natural rate of healing is unusually fast.
You are covered in fur. (AC +1)
You have extremely tough skin. (AC +3)


Message History

The poison arrow hits you!!
You are more poisoned.
You partially resist.
* * * LOW HITPOINT WARNING * * *
You block the naga mage's attack. The naga mage grabs you.
The naga mage constricts you. The nagaraja spits poison at you.
The splash of poison reflects off an invisible shield around you!
The splash of poison misses the nagaraja.
The guardian serpent hits you but does no damage. x2
You block the nagaraja's attack.
A red film seems to cover your vision as you go berserk!
You feel yourself moving faster!
You feel mighty!
* * * LOW HITPOINT WARNING * * *
You feel sick. The naga mage spits poison at you.
The splash of poison hits you but does no damage.
You are more poisoned.
You resist.
You die...

≈.### .....# .≈S≈.. ≈≈≈≈.≈###
≈≈≈≈.§≈°### N≈≈≈.≈≈○○N##
≈≈≈..S.°○§S## ≈≈≈.≈≈≈###SN####
#### ....≈≈# #@S#..###..##
#####≈≈≈≈≈ ##NN#..##....#####
##≈≈≈##≈≈≈ ##§§##...........<#
##.≈≈≈.##≈####..##.............#
#.......###.##..#...(..........##
...........#....#....(...)...)..#
.........#.....##([.)((.(.[..[<.#
...........#).##(().....)[....).#
.........##.###((#########....)##


You could see 2 nagarajas, a sea snake, 2 guardian serpents and a naga mage.

Vanquished Creatures
  Vashnia (Snake:4)
  Gastronok (Orc:1)
  4 nagarajas
  A reaper (IceCv)
  The ghost of hemabe the Covert, a journeyman HuAr of Trog (Lair:5)
  A minotaur (Gauntlet)
  Azrael (Orc:2)
  A death ooze (Lair:6)
  An ettin (Orc:1)
  Josephine (Orc:1)
  The ghost of Norm the Fighter, a journeyman KoSu of Sif Muna (Lair:6)
  Erolcha (D:9)
  An ogre mage (Orc:2)
  A yaktaur captain (D:15)
  Fannar (D:10)
  4 vault guards
  14 naga warriors
  13 anacondas
  6 two-headed ogres
  A death knight (D:14)
  8 centaur warriors
  9 hydras
  2 catoblepae (Lair:6)
  A death yak (D:8)
  9 shock serpents
  16 naga sharpshooters
  3 salamander mystics
  9 skeletal warriors
  8 naga ritualists
  2 orc knights (Orc:1)
  11 sea snakes (Snake:4)
  An obsidian statue (Gauntlet)
  A deep elf mage (D:12)
  17 mana vipers
  17 ugly things
  10 orc sorcerers
  2 cyclopes
  12 salamanders
  Maurice (D:13)
  15 naga magi
  9 elephants
  2 ice statues (IceCv)
  A torpor snail (Lair:5)
  46 black mambas
  Joseph (Lair:1)
  10 guardian serpents
  A gargoyle (D:12)
  7 centaur skeletons
  9 spiny frogs
  13 komodo dragons
  3 yaktaurs (D:14)
  4 rime drakes
  3 kobold demonologists
  An efreet (D:13)
  A freezing wraith (D:14)
  8 ice devils
  A tengu conjurer (D:15)
  Prince Ribbit (D:8)
  7 hornets
  8 trolls
  3 polar bears (Lair:6)
  13 slime creatures
  12 hippogriffs
  A bog body (Lair:2)
  A meliai zombie (D:11)
  5 dream sheep (Lair:6)
  24 blink frogs
  Sigmund (D:2)
  4 flying skulls (Gauntlet)
  A shadow (D:15)
  A wyvern (D:14)
  30 yaks
  A vampire (D:13)
  10 spriggans
  6 wraiths
  A steam dragon (D:10)
  A hungry ghost (D:12)
  3 basilisks
  2 fire elementals (Orc:1)
  A death yak simulacrum (Lair:5)
  2 vampire mosquitoes (D:14)
  73 nagas
  3 acid dragons
  37 water moccasins
  2 soldier ants (D:10)
  4 wargs (Orc:1)
  4 hell hounds
  7 porcupines
  32 orc warriors
  A swamp drake (Lair:2)
  5 sky beasts
  15 ogres
  7 ice beasts
  38 wolves
  4 black bears
  3 necrophages
  9 boggarts
  7 crocodiles
  19 centaurs
  16 big kobolds
  A gnoll sergeant (D:7)
  2 wyvern zombies
  A spiny frog simulacrum (Lair:5)
  23 bullfrogs
  4 scorpions
  3 wights (D:9)
  3 electric eels
  2 howler monkeys
  2 torpor snail simulacra (Lair:5)
  11 crimson imps
  2 bullfrog zombies
  4 centaur zombies
  A komodo dragon simulacrum (Lair:5)
  10 jellies
  5 hounds
  3 bullfrog skeletons
  17 orc priests
  40 orc wizards
  Jessica (D:2)
  2 iguanas
  9 worker ants
  2 killer bee zombies
  A bullfrog simulacrum (D:8)
  A hound skeleton (D:5)
  3 worker ant zombies
  Robin (D:1)
  A howler monkey zombie (D:7)
  11 gnolls
  32 adders
  3 river rats (D:4)
  5 shadow imps
  7 white imps
  A worker ant simulacrum (D:8)
  12 ufetubi
  An ooze (D:2)
  2 adder skeletons (D:4)
  6 worms
  An adder simulacrum (D:8)
  6 leopard geckos
  88 orcs
  6 ball pythons
  6 giant cockroaches
  17 goblins
  4 hobgoblins
  7 jackals
  10 quokkas
  9 bats
  7 frilled lizards
  12 kobolds
  A leopard gecko zombie (D:7)
  6 rats
  A fungus (Lair:6)
  A withered plant (Gauntlet)
1172 creatures vanquished.

Vanquished Creatures (others)
  3 naga sharpshooters
  A naga ritualist (Snake:2)
  A naga mage (Snake:2)
  A naga (Snake:2)
  An orc wizard (Orc:2)
  An adder (Lair:2)
  2 white imps (IceCv)
  4 ufetubi (IceCv)
  An orc (Orc:2)
  A bush (Lair:5)
  16 fungi
  17 plants
49 creatures vanquished.

Grand Total: 1221 creatures vanquished

Notes
Turn   | Place    | Note
-------+----------+-------------------------------------------
     0 | D:1      | Arang the Troll Venom Mage began the quest for the Orb.
     0 | D:1      | Reached XP level 1. HP: 16/16 MP: 1/1
   133 | D:1      | Reached XP level 2. HP: 24/24 MP: 3/3
   140 | D:1      | Learned a level 2 spell: Poisonous Vapours
   213 | D:1      | You fall into a shaft and drop 1 floor!
   263 | D:2      | Noticed Jessica
   292 | D:2      | Killed Jessica
   292 | D:2      | Reached XP level 3. HP: 31/31 MP: 1/4
   400 | D:2      | Reached skill level 1 in Unarmed Combat
   440 | D:2      | Noticed Robin
   508 | D:1      | Reached XP level 4. HP: 26/39 MP: 5/5
   539 | D:1      | Killed Robin
  1510 | D:2      | Reached skill level 2 in Unarmed Combat
  1642 | D:2      | Noticed Sigmund
  1655 | D:2      | Killed Sigmund
  1655 | D:2      | Reached skill level 3 in Unarmed Combat
  1655 | D:2      | Reached skill level 1 in Air Magic
  1655 | D:2      | Reached XP level 5. HP: 33/46 MP: 1/6
  1655 | D:2      | Reached XP level 6. HP: 39/54 MP: 1/7
  2295 | D:3      | Found a bloodstained altar of Trog.
  2383 | D:3      | Found an ornate altar of the Wu Jian Council.
  2383 | D:3      | Found a shadowy altar of Dithmenos.
  2407 | D:3      | Reached skill level 4 in Unarmed Combat
  3093 | D:3      | Became a worshipper of the Wu Jian Council
  3446 | D:4      | Reached XP level 7. HP: 61/61 MP: 6/9
  3459 | D:4      | Reached skill level 1 in Fighting
  3569 | D:4      | Found Gozag's Platinum Reserve.
  3569 | D:4      | Found an opulent altar of Gozag.
  3581 | D:4      | Reached skill level 5 in Unarmed Combat
  3720 | D:4      | Reached skill level 1 in Throwing
  4053 | D:4      | Reached * piety under Wu Jian
  4312 | D:5      | Entered Level 5 of the Dungeon
  4559 | D:5      | Found a glowing golden altar of the Shining One.
  4594 | D:5      | Reached XP level 8. HP: 70/70 MP: 4/10
  4619 | D:5      | Learned a level 3 spell: Mephitic Cloud
  4800 | D:5      | Found an iron altar of Okawaru.
  4970 | D:5      | Reached skill level 6 in Unarmed Combat
  5382 | D:6      | Reached skill level 1 in Armour
  5510 | D:6      | Reached skill level 7 in Unarmed Combat
  5543 | D:6      | Reached ** piety under Wu Jian
  5805 | D:6      | Found a staircase to the Ecumenical Temple.
  5893 | D:6      | Found a sacrificial altar of Ru.
  6022 | D:7      | Reached skill level 8 in Unarmed Combat
  6022 | D:7      | Reached XP level 9. HP: 61/79 MP: 11/11
  6151 | D:7      | Found Azyhasura's Distillery.
  6296 | D:7      | Found Ocwanot's Food Shoppe.
  6347 | D:7      | Found Vocloc Alach's Weapon Shoppe.
  6535 | D:7      | Found Hetoack's Book Shoppe.
  6813 | D:8      | Reached skill level 9 in Unarmed Combat
  6930 | D:8      | Found a shattered altar of Ashenzari.
  7089 | D:8      | Noticed a death yak
  7177 | D:8      | Found a stormy altar of Qazlal.
  7249 | D:8      | Killed a death yak
  7249 | D:8      | Reached *** piety under Wu Jian
  7249 | D:8      | Reached skill level 5 in Armour
  7249 | D:8      | Reached skill level 10 in Unarmed Combat
  7484 | D:8      | Reached XP level 10. HP: 82/87 MP: 12/12
  7529 | D:8      | Found a staircase to the Lair.
  7529 | D:8      | Noticed a two-headed ogre
  7559 | D:8      | Killed a two-headed ogre
  7910 | D:9      | Noticed Erolcha
  7930 | D:9      | Killed Erolcha
  8811 | D:10     | Entered Level 10 of the Dungeon
  8902 | D:10     | Noticed a two-headed ogre
  8962 | D:10     | Killed a two-headed ogre
  8962 | D:10     | Reached XP level 11. HP: 70/96 MP: 11/13
  9226 | D:10     | Found Anurusk's Food Boutique.
  9245 | D:10     | Reached **** piety under Wu Jian
  9516 | D:10     | Noticed Fannar
  9560 | D:10     | Killed Fannar
 10055 | D:11     | Found Vaiwun's Weapon Shoppe.
 10055 | D:11     | Found Azudal's Book Emporium.
 10055 | D:11     | Found a staircase to the Orcish Mines.
 10128 | D:11     | Found Gocunaps's Armour Shoppe.
 10139 | D:11     | Paralysed by a hornet for 2 turns
 10287 | D:11     | Noticed a skeletal warrior
 10287 | D:11     | Noticed a skeletal warrior
 10387 | D:11     | Noticed a skeletal warrior
 10437 | D:11     | Killed a skeletal warrior
 11026 | D:11     | Killed a skeletal warrior
 11026 | D:11     | Reached skill level 10 in Armour
 11026 | D:11     | Reached skill level 5 in Poison Magic
 11113 | D:11     | Killed a skeletal warrior
 11113 | D:11     | Reached ***** piety under Wu Jian
 11204 | D:11     | Noticed a skeletal warrior
 11227 | D:11     | Killed a skeletal warrior
 11363 | D:11     | Noticed a two-headed ogre
 11375 | D:11     | Killed a two-headed ogre
 11566 | D:11     | Reached XP level 12. HP: 106/106 MP: 16/16
 11983 | Lair:1   | Entered Level 1 of the Lair of Beasts
 11983 | Lair:1   | Noticed Joseph
 11987 | Lair:1   | Noticed Prince Ribbit
 11995 | Lair:1   | Killed Joseph
 12006 | D:8      | Killed Prince Ribbit
 12463 | Lair:1   | Reached skill level 1 in Conjurations
 12503 | Lair:1   | Noticed a four-headed hydra
 12513 | Lair:1   | Killed a one-headed hydra
 13499 | Lair:2   | Found a staircase to the Swamp.
 13778 | Lair:2   | Reached skill level 5 in Spellcasting
 13853 | Lair:2   | Reached skill level 5 in Fighting
 14515 | Lair:2   | Found a staircase to the Snake Pit.
 14619 | Lair:2   | Learned a level 4 spell: Olgreb's Toxic Radiance
 15435 | Lair:2   | Reached XP level 13. HP: 116/120 MP: 18/20
 17148 | Lair:4   | Reached skill level 11 in Unarmed Combat
 18387 | Lair:5   | Found a frozen archway.
 18428 | IceCv    | Entered an ice cave
 18460 | IceCv    | Reached ****** piety under Wu Jian
 18570 | IceCv    | Noticed a reaper
 18581 | IceCv    | Killed a reaper
 18913 | Lair:5   | Found a runed translucent gate.
 18913 | Lair:5   | Found a runed translucent gate.
 18914 | Lair:5   | Found a runed translucent gate.
 18949 | Lair:5   | Reached skill level 1 in Shields
 19728 | Lair:5   | Noticed hemabe's ghost (journeyman HuAr)
 19824 | Lair:5   | Killed hemabe's ghost
 20042 | Lair:5   | Got the ring "Nuvy" {Fire}
 20043 | Lair:5   | Identified the ring "Nuvy" {Fire MR+ MP+9 Int+2} (You found
                  | it on level 5 of the Lair of Beasts)
 20067 | Lair:6   | Entered Level 6 of the Lair of Beasts
 20278 | Lair:5   | Reached XP level 14. HP: 96/133 MP: 22/22
 20762 | Lair:6   | Reached skill level 5 in Shields
 21265 | Lair:6   | Found a runed translucent gate.
 21265 | Lair:6   | Found a runed translucent gate.
 21265 | Lair:6   | Found a runed translucent gate.
 21576 | Lair:6   | Noticed Norm's ghost (journeyman KoSu)
 21577 | Lair:6   | Found a viscous altar of Jiyva.
 22319 | Lair:6   | Found a viscous altar of Jiyva.
 22320 | Lair:6   | Found a staircase to the Slime Pits.
 22756 | Lair:6   | Killed Norm's ghost
 23098 | Orc:1    | Entered Level 1 of the Orcish Mines
 23098 | Orc:1    | Found a roughly hewn altar of Beogh.
 23125 | Orc:1    | Reached skill level 12 in Unarmed Combat
 23420 | Orc:2    | Entered Level 2 of the Orcish Mines
 23428 | Orc:2    | Found a radiant altar of Vehumet.
 23439 | Orc:2    | Noticed Azrael
 23637 | Orc:2    | Killed Azrael
 24141 | Orc:2    | Found a staircase to the Elven Halls.
 24598 | Orc:2    | Found Woraarist's Antique Weapon Boutique.
 24644 | Orc:2    | Found a radiant altar of Vehumet.
 24816 | Orc:2    | Found Rumaepro's Magic Scroll Shop.
 25179 | Orc:2    | Found Caheroir's Book Boutique.
 25179 | Orc:2    | Found Dutumeti's Antique Armour Shop.
 25180 | Orc:2    | Found a roughly hewn altar of Beogh.
 25240 | Orc:2    | Found an ancient bone altar of Kikubaaqudgha.
 25361 | Orc:2    | Bought a runed cloak for 187 gold pieces
 25383 | Orc:2    | Bought a scroll of magic mapping for 45 gold pieces
 25383 | Orc:2    | Bought a scroll of magic mapping for 45 gold pieces
 25860 | Orc:1    | Noticed Josephine
 25865 | Orc:1    | Noticed Gastronok
 25869 | Orc:1    | Killed Josephine
 26080 | Orc:1    | Found Zym Puhe's Antique Armour Emporium.
 26097 | Orc:1    | Killed Gastronok
 26097 | Orc:1    | Reached skill level 13 in Unarmed Combat
 26097 | Orc:1    | Reached XP level 15. HP: 72/143 MP: 23/23
 26399 | Orc:1    | Bought a glowing cloak for 247 gold pieces
 26554 | Orc:1    | Found a roughly hewn altar of Beogh.
 28165 | D:13     | Reached skill level 14 in Unarmed Combat
 28240 | D:13     | Noticed Maurice
 28259 | D:13     | Noticed Sonja
 28260 | D:13     | Noticed Sonja
 28260 | D:13     | Sonja changed into Sonja the rime drake
 28263 | D:13     | Killed Sonja the rime drake
 28292 | D:13     | Killed Maurice
 29104 | D:14     | Found a gate to the Vaults.
 29629 | D:14     | Reached skill level 10 in Shields
 30608 | D:14     | Found a roughly hewn altar of Beogh.
 30792 | D:15     | Entered Level 15 of the Dungeon
 30794 | D:15     | Reached XP level 16. HP: 156/156 MP: 24/24
 30848 | D:15     | Found a gate leading to a gauntlet.
 30901 | Gauntlet | Entered a Gauntlet
 30901 | Gauntlet | Found a transporter.
 30917 | Gauntlet | Found a transporter.
 30926 | Gauntlet | Found a transporter.
 30931 | Gauntlet | Found a transporter.
 30946 | Gauntlet | Found a transporter.
 30965 | Gauntlet | Found a transporter.
 30978 | Gauntlet | Found a transporter.
 30984 | Gauntlet | Found a transporter.
 30999 | Gauntlet | Found a transporter.
 31011 | Gauntlet | Found a transporter.
 31023 | Gauntlet | Found a transporter.
 31029 | Gauntlet | Found a transporter.
 31029 | Gauntlet | Found a transporter.
 31068 | Gauntlet | Found a transporter.
 31095 | Gauntlet | Found a transporter.
 31095 | Gauntlet | Found a transporter.
 31115 | Gauntlet | Found a transporter.
 31205 | Gauntlet | Found a transporter.
 31333 | Gauntlet | Got an ancient steel ring
 31334 | Gauntlet | Identified the ring "Ways" {*Drain rPois MR+ SInv} (You
                  | found it in a Gauntlet)
 31572 | Gauntlet | Got a transparent bone amulet
 31576 | Gauntlet | Identified the amulet of Memud {Reflect rPois Int+4 SH+2}
                  | (You found it in a Gauntlet)
 32234 | D:15     | Found a staircase to the Depths.
 32418 | Snake:1  | Entered Level 1 of the Snake Pit
 33098 | Snake:1  | Reached skill level 15 in Unarmed Combat
 33132 | Snake:1  | Found Val Xaev's Gadget Shoppe.
 33132 | Snake:1  | Found Qopleul's Jewellery Boutique.
 33133 | Snake:1  | Found Maihur's Jewellery Boutique.
 33361 | Snake:1  | Learned a level 2 spell: Blink
 33698 | Snake:2  | Reached skill level 1 in Translocations
 34015 | Snake:2  | HP: 1/158 [anaconda (10)]
 34288 | Snake:2  | Reached skill level 10 in Fighting
 35129 | Snake:3  | Reached skill level 16 in Unarmed Combat
 35730 | Snake:3  | Reached XP level 17. HP: 156/166 MP: 25/25
 36921 | Snake:4  | Entered Level 4 of the Snake Pit
 37201 | Snake:4  | Reached skill level 5 in Throwing
 37858 | Snake:4  | Reached skill level 17 in Unarmed Combat
 38510 | Snake:4  | Noticed Vashnia
 38542 | Snake:4  | Killed Vashnia
 40052 | Snake:4  | Reached skill level 18 in Unarmed Combat
 40224 | Snake:4  | Reached XP level 18. HP: 118/176 MP: 26/26
 40402 | Snake:4  | Noticed Mara
 40550 | Snake:4  | Noticed Arang's illusion
 41146 | Snake:4  | HP: 2/179 [nagaraja/poison arrow (19)]
 41147 | Snake:4  | Slain by a naga mage

Levels and vault maps discovered:
D:1:      psy_arrival_radial01, layout_basic
D:2:      layout_loops_corners, minmay_pentomino_u4, uniq_robin, uniq_jessica,
          uniq_sigmund
D:3:      layout_basic, bloody_trog, chequers_temple_overflow_statue_of_worship,
          first_ration
D:4:      layout_loops_ring, nicolae_gozag_zags_fifth_avenue,
          lightli_sewer_entry_pipes
D:5:      layout_cave_pods, lemuel_doored_altar, okawaru_gym_becter
D:6:      layout_basic, old_standard_altar, minmay_temple_entry_statues_pillars
D:7:      layout_gridville, serial_shops, nicolae_shop_crystal,
          kennysheep_mini_moat, nicolae_shop_temple_entry_statues_fountains,
          kennysheep_little_box, kennysheep_small_square
D:8:      layout_loops_cross, evilmike_ruin_ashenzari,
          nicolae_overflow_crystal_walls, david_lair_shrubbed, serial_ice,
          serial_ice_f, serial_ice_o, serial_ice_b, serial_ice_h
D:9:      layout_gridville, uniq_erolcha
D:10:     layout_gridville, serial_shops, shop, hangedman_pestilent_swarm,
          uniq_fannar
D:11:     layout_basic, orc_david_3, serial_shops, shop,
          small_statue_intersection, statue_in_the_mist_lemuel, st_stairs_5
D:12:     layout_loops_ring
D:13:     kennysheep_big_flooded_room, layout_long_grid, uniq_maurice,
          uniq_sonja
D:14:     layout_roguey [special_room_orc], lightli_vaults_fourway_checkpoint,
          minmay_tree_intersection
D:15:     grunt_enter_depths_snipers, layout_cave_pools, kennysheep_doodads,
          gauntlet_entry_generic
Lair:1:   layout_small_grid, uniq_joseph, uniq_prince_ribbit2
Lair:2:   lemuel_reptile_caves, layout_regular_city, skrybe_swamp_entry_bodies,
          minmay_snake_entry_six_corridors, infiniplex_staircase_pool,
          serial_bayou_shore_b
Lair:3:   layout_regular_city
Lair:4:   layout_regular_city, serial_bayou_shore_a, grunt_megastairs_1
Lair:5:   layout_regular_city, portal_ice_cave_demonic_guard,
          gammafunk_ghost_icy, st_stairs_8, lemuel_fruit_tree
Lair:6:   minmay_lair_end_enchanted_forest, layout_concentric_octagons,
          dpeg_slime_entry_enclosed_altar, gammafunk_ghost_ooze
Snake:1:  layout_onion_interference, st_stairs_8, serial_bayou_crossing,
          minmay_shop_grove
Snake:2:  layout_misc_corridors, st_stairs_14, grunt_megastairs_3
Snake:3:  kennysheep_six_static_rooms, layout_concentric_octagons
Snake:4:  grunt_snake_rune_pools, layout_cave_town, grunt_ministairs_10,
          nicolae_snake_springs, uniq_mara, uniq_vashnia
Orc:1:    layout_caves, special_room [special_room_kobold], basic_altar,
          serial_shops, nicolae_shop_overgrown_old_shop, nicolae_orc_rockfall,
          mines2_david, uniq_gastronok, uniq_josephine
Orc:2:    kennysheep_orc_mage_school, layout_caves, basic_altar, uniq_azrael

Skill      XL: |  1  2  3  4  5  6  7  8  9 10 11 12 13 14 15 16 17 18 |
---------------+-------------------------------------------------------+-----
Unarmed Combat | 1 3 4 5 8 10 11 13 14 16 18 | 18.4
Poison Magic   | 3 5 6 7 |  7.6
Air Magic      | 1 2 3 |  3.0
Spellcasting   | 2 3 5 6 |  6.1
Fighting       | 1 2 3 4 5 7 8 9 10 11 | 11.0
Throwing       | 1 4 6 7 |  7.1
Armour         | 3 5 8 10 11 | 11.4
Conjurations   | 1 2 |  2.0
Shields        | 4 9 10 | 10.8
Translocations | 1 |  1.7
Dodging        | |  1.5
Stealth        | |  1.0

Action                   |  1- 3 |  4- 6 |  7- 9 | 10-12 | 13-15 | 16-18 || total
-------------------------+-------+-------+-------+-------+-------+-------++-------
Melee: Unarmed           |    76 |   188 |   319 |   821 |  2207 |  1501 ||  5112
       Punch             |       |     2 |    10 |    19 |    33 |       ||    64
       Halberd           |       |       |       |     8 |    20 |       ||    28
       Scimitar          |       |       |       |       |     9 |       ||     9
       War axe           |       |       |       |       |       |     6 ||     6
Throw: Stone             |     1 |       |       |       |       |       ||     1
       Dart              |       |    12 |    19 |    24 |    20 |       ||    75
       Throwing net      |       |       |     1 |       |       |       ||     1
       Javelin           |       |       |       |       |    14 |     9 ||    23
       Large rock        |       |       |       |       |       |    64 ||    64
 Cast: Sting             |     2 |       |       |       |       |       ||     2
       Poisonous Vapours |     3 |    10 |    41 |   141 |   121 |       ||   316
       Olgreb's Toxic Ra |       |       |       |       |    36 |       ||    36
Invok: Lunge             |       |     2 |    32 |    57 |   122 |    85 ||   298
       Whirlwind         |       |       |    33 |   239 |   520 |   330 ||  1122
       Serpent's Lash    |       |       |       |     2 |    10 |     6 ||    18
       Heavenly Storm    |       |       |       |       |     1 |     3 ||     4
 Abil: Wall Jump         |       |       |       |       |     4 |     3 ||     7
Evoke: Wand              |       |       |       |     8 |    23 |     7 ||    38
       Lightning rod     |       |       |       |     4 |     4 |       ||     8
       Lamp of fire      |       |       |       |     1 |     1 |       ||     2
  Use: Potion            |       |       |     4 |     1 |     4 |     7 ||    16
       Scroll            |       |       |     6 |    11 |    12 |     9 ||    38
 Stab: Sleeping          |     1 |     1 |     1 |       |       |       ||     3
       Petrified         |       |       |       |       |    10 |       ||    10
       Petrifying        |       |       |       |       |     2 |       ||     2
  Eat: Chunk             |    10 |    29 |    38 |    86 |   153 |    60 ||   376
       Ration            |       |       |       |       |     2 |     8 ||    10
Armor: Robe              |    38 |    68 |    17 |       |       |       ||   123
       Ice dragon scales |       |       |   105 |   493 |  1138 |   574 ||  2310
Dodge: Dodged            |    49 |    93 |   116 |   341 |   620 |   284 ||  1503
Block: Shield            |       |       |       |       |   660 |   745 ||  1405
       Reflection        |       |       |       |       |       |    94 ||    94
       Rpst.: Scimitar   |       |       |       |       |     2 |       ||     2

Table legend:
 A = Non-vault XP
 B = Vault XP
 C = Vault XP percentage of total XP
 D = Non-vault monster count
 E = Vault monster count
 F = Vault count percentage of total count
                 A         B        C        D         E       F
            +---------+---------+-------+---------+---------+-------
      Total |  190318 |  112194 |  37.1 |     772 |     406 |  34.5
            +---------+---------+-------+---------+---------+-------
        D:1 |      31 |      29 |  48.3 |      20 |       8 |  28.6
        D:2 |      47 |     276 |  85.4 |      17 |       7 |  29.2
        D:3 |     321 |       0 |   0.0 |      35 |       0 |   0.0
        D:4 |     440 |      68 |  13.4 |      19 |       7 |  26.9
        D:5 |     525 |       0 |   0.0 |      18 |       0 |   0.0
        D:6 |     877 |       0 |   0.0 |      13 |       0 |   0.0
        D:7 |     952 |     248 |  20.7 |      26 |       2 |   7.1
        D:8 |    1338 |    2609 |  66.1 |      11 |      15 |  57.7
        D:9 |    1539 |    1033 |  40.2 |      28 |       1 |   3.4
       D:10 |    4906 |    1376 |  21.9 |      37 |       6 |  14.0
       D:11 |    8740 |     197 |   2.2 |      25 |       7 |  21.9
       D:12 |    8639 |       0 |   0.0 |      49 |       0 |   0.0
       D:13 |    4929 |    6596 |  57.2 |      19 |      10 |  34.5
       D:14 |   17838 |    4531 |  20.3 |      50 |      29 |  36.7
       D:15 |    8011 |    2443 |  23.4 |      25 |       3 |  10.7
     Lair:1 |    5700 |     996 |  14.9 |      25 |       3 |  10.7
     Lair:2 |    3016 |    5201 |  63.3 |      19 |      48 |  71.6
     Lair:3 |    3300 |       0 |   0.0 |      15 |       0 |   0.0
     Lair:4 |    3996 |    2874 |  41.8 |      22 |       6 |  21.4
     Lair:5 |    7272 |    4398 |  37.7 |      26 |      12 |  31.6
     Lair:6 |   13974 |    9423 |  40.3 |      39 |      49 |  55.7
    Snake:1 |   11682 |     460 |   3.8 |      25 |       1 |   3.8
    Snake:2 |   25278 |    2897 |  10.3 |      49 |       6 |  10.9
    Snake:3 |   17417 |    3081 |  15.0 |      30 |       6 |  16.7
    Snake:4 |   32096 |   42393 |  56.9 |      69 |      71 |  50.7
      Orc:1 |    5975 |    5464 |  47.8 |      46 |      34 |  42.5
      Orc:2 |     967 |    8997 |  90.3 |      13 |      41 |  75.9
      IceCv |       0 |    3449 | 100.0 |       0 |      25 | 100.0
   Gauntlet |     512 |    3155 |  86.0 |       2 |       9 |  81.8
            +---------+---------+-------+---------+---------+-------
